TOP OF THE 1ST |
Mountain Pointe HS batting - Pitching for Shelby HS Rockets : RHP Nick Baker
|
Pitching: RHP Nick Baker
|
|
Batting: RHB Doug Hunt
|
0-0: Ball 1-0: Foul Ball, location: 2F 1-1: Ball 2-1: Called Strike 2-2: Ball 3-2: Foul Ball, location: 2F 3-2: Base on Balls
|
Batting: RHB John Howell
|
0-0: Called Strike Doug Hunt steals 2nd base 0-1: Fly out, F7 (Flyball, 78S)
|
Batting: RHB Monty Crawford
|
0-0: Ball 1-0: Fly out, F9 (Flyball, 89M)
|
Batting: RHB Roberto Pérez
|
0-0: Foul Ball, location: 2F 0-1: Ball 1-1: Foul Ball, location: 2F 1-2: Strikes out swinging
|
Top of the 1st over - 0 run(s), 0 hit(s), 0 error(s), 1 left on base; Mountain Pointe HS 0 - Shelby HS 0 |
BOTTOM OF THE 1ST |
Shelby HS Rockets batting - Pitching for Mountain Pointe HS : RHP Clancy Steele
|
Pitching: RHP Clancy Steele
|
|
Batting: RHB Scotty Hicks
|
0-0: Called Strike 0-1: Ball 1-1: Ball 2-1: Foul Ball, location: 2F 2-2: Strikes out swinging
|
Batting: SHB Woody Stanley
|
0-0: Called Strike 0-1: Ball 1-1: Ball 2-1: Swinging Strike 2-2: SINGLE (Groundball, 56D) (infield hit)
|
Batting: RHB Fernando Vargas
|
0-0: Swinging Strike 0-1: Reached on error, E5 (Groundball, 5) Woody Stanley to second
|
Batting: RHB Tommy Davenport
|
0-0: Ball 1-0: SINGLE (Groundball, 6MD) Woody Stanley to third Fernando Vargas to second Runner from 3rd tries for Home, SAFE, no throw or cutoff
|
Batting: RHB Jake Erickson
|
0-0: Called Strike 0-1: Foul Ball, location: 2F 0-2: Ball 1-2: Foul Ball, location: 2F 1-2: Ball 2-2: Strikes out swinging
|
Batting: RHB Rich Crabtree
|
0-0: Ground out 6-3 (Groundball, 6)
|
Bottom of the 1st over - 1 run(s), 2 hit(s), 1 error(s), 2 left on base; Mountain Pointe HS 0 - Shelby HS 1 |
TOP OF THE 2ND |
Mountain Pointe HS batting - Pitching for Shelby HS Rockets : RHP Nick Baker
|
Batting: LHB Brian Turner
|
0-0: Foul Ball, location: 2F 0-1: Ball 1-1: Ground out U3 (Groundball, 3L)
|
Batting: RHB Francisco Medina
|
0-0: Called Strike 0-1: Ground out 5-3 (Groundball, 5L)
|
Batting: LHB Chris Smith
|
0-0: Ball 1-0: Called Strike 1-1: Called Strike 1-2: Ball 2-2: Ball 3-2: Base on Balls
|
Batting: RHB Ted Williamson
|
0-0: Called Strike Chris Smith is caught stealing 2nd base
|
Top of the 2nd over - 0 run(s), 0 hit(s), 0 error(s), 0 left on base; Mountain Pointe HS 0 - Shelby HS 1 |
BOTTOM OF THE 2ND |
Shelby HS Rockets batting - Pitching for Mountain Pointe HS : RHP Clancy Steele
|
Batting: SHB Cornell Payne
|
0-0: Called Strike 0-1: Ball 1-1: Ball 2-1: Ball 3-1: Base on Balls
|
Batting: RHB Don Jackson
|
0-0: Swinging Strike 0-1: Ball 1-1: Ball 2-1: Swinging Strike 2-2: Ball 3-2: Fly out, F8 (Flyball, 8LM)
|
Batting: RHB Walt McDonald
|
0-0: Ball 1-0: Called Strike 1-1: Called Strike Cornell Payne steals 2nd base 1-2: Strikes out swinging
|
Batting: RHB Scotty Hicks
|
0-0: Called Strike 0-1: Ball 1-1: Swinging Strike 1-2: Ball 2-2: Strikes out swinging
|
Bottom of the 2nd over - 0 run(s), 0 hit(s), 0 error(s), 1 left on base; Mountain Pointe HS 0 - Shelby HS 1 |
TOP OF THE 3RD |
Mountain Pointe HS batting - Pitching for Shelby HS Rockets : RHP Nick Baker
|
Batting: RHB Ted Williamson
|
0-0: Ball 1-0: Fly out, F6 (Popup, 6D)
|
Batting: RHB Arnold Flint
|
0-0: Called Strike 0-1: Ball 1-1: Called Strike 1-2: Ball 2-2: Foul Ball, location: 2F 2-2: Ball 3-2: Fly out, F8 (Flyball, 8LM)
|
Batting: RHB Doug Hunt
|
0-0: Ball 1-0: Foul Ball, location: 2F 1-1: Ground out 4-3 (Groundball, 4)
|
Top of the 3rd over - 0 run(s), 0 hit(s), 0 error(s), 0 left on base; Mountain Pointe HS 0 - Shelby HS 1 |
BOTTOM OF THE 3RD |
Shelby HS Rockets batting - Pitching for Mountain Pointe HS : RHP Clancy Steele
|
Batting: SHB Woody Stanley
|
0-0: Ball 1-0: Swinging Strike 1-1: Foul Ball, location: 2F 1-2: Foul Ball, location: 2F 1-2: Ball 2-2: Ball 3-2: Foul Ball, location: 2F 3-2: Strikes out looking
|
Batting: RHB Fernando Vargas
|
0-0: Swinging Strike 0-1: Ball 1-1: Ball 2-1: Ball Single, Error in OF, E7, batter to second base
|
Batting: RHB Tommy Davenport
|
0-0: Ball 1-0: Fly out, F9 (Flyball, 89M)
|
Batting: RHB Jake Erickson
|
0-0: Called Strike 0-1: Ball 1-1: Ball 2-1: Foul Ball, location: 2F 2-2: Ground out 5-3 (Groundball, 56S)
|
Bottom of the 3rd over - 0 run(s), 1 hit(s), 1 error(s), 1 left on base; Mountain Pointe HS 0 - Shelby HS 1 |
TOP OF THE 4TH |
Mountain Pointe HS batting - Pitching for Shelby HS Rockets : RHP Nick Baker
|
Batting: RHB John Howell
|
0-0: Fly out, F8 (Line Drive, 8LM)
|
Batting: RHB Monty Crawford
|
0-0: Ball 1-0: Swinging Strike 1-1: Ball 2-1: Ground out 6-3 (Groundball, 6M)
|
Batting: RHB Roberto Pérez
|
0-0: Called Strike 0-1: Ground out 6-3 (Groundball, 6)
|
Top of the 4th over - 0 run(s), 0 hit(s), 0 error(s), 0 left on base; Mountain Pointe HS 0 - Shelby HS 1 |
BOTTOM OF THE 4TH |
Shelby HS Rockets batting - Pitching for Mountain Pointe HS : RHP Clancy Steele
|
Batting: RHB Rich Crabtree
|
0-0: Ball 1-0: Foul Ball, location: 2F 1-1: Fly out, F8 (Flyball, 8LS)
|
Batting: SHB Cornell Payne
|
0-0: Called Strike 0-1: Ball 1-1: Swinging Strike 1-2: Strikes out looking
|
Batting: RHB Don Jackson
|
0-0: Called Strike 0-1: Ball 1-1: Ball 2-1: Foul Ball, location: 2F 2-2: Ground out 4-3 (Groundball, 13)
|
Bottom of the 4th over - 0 run(s), 0 hit(s), 0 error(s), 0 left on base; Mountain Pointe HS 0 - Shelby HS 1 |
TOP OF THE 5TH |
Mountain Pointe HS batting - Pitching for Shelby HS Rockets : RHP Nick Baker
|
Batting: LHB Brian Turner
|
0-0: Fly out, F7 (Line Drive, 7M)
|
Batting: RHB Francisco Medina
|
0-0: Ball 1-0: Swinging Strike 1-1: Ball 2-1: Foul Ball, location: 2F 2-2: Strikes out swinging
|
Batting: LHB Chris Smith
|
0-0: Called Strike 0-1: Swinging Strike 0-2: Ball 1-2: Strikes out swinging
|
Top of the 5th over - 0 run(s), 0 hit(s), 0 error(s), 0 left on base; Mountain Pointe HS 0 - Shelby HS 1 |
BOTTOM OF THE 5TH |
Shelby HS Rockets batting - Pitching for Mountain Pointe HS : RHP Clancy Steele
|
Batting: RHB Walt McDonald
|
0-0: Called Strike 0-1: Ball 1-1: Called Strike 1-2: Ball 2-2: Strikes out looking
|
Batting: RHB Scotty Hicks
|
0-0: Ground out 2-3 (Groundball, 23)
|
Batting: SHB Woody Stanley
|
0-0: Swinging Strike 0-1: Ball 1-1: Ball 2-1: SINGLE (Line Drive, 6MD)
|
Pitching: RHP John MacHendry
|
|
Batting: RHB Fernando Vargas
|
0-0: Ball Woody Stanley steals 2nd base 1-0: SINGLE (Groundball, 4MD) Woody Stanley to third Runner from 3rd tries for Home, SAFE, no throw or cutoff
|
Batting: RHB Tommy Davenport
|
0-0: SINGLE (Flyball, 9S) Fernando Vargas to second Runner from 2nd tries for 3rd, SAFE, throw made to third
|
Batting: RHB Jake Erickson
|
0-0: Swinging Strike 0-1: Ball 1-1: Fly out, F3 (Popup, 34)
|
Bottom of the 5th over - 1 run(s), 3 hit(s), 0 error(s), 2 left on base; Mountain Pointe HS 0 - Shelby HS 2 |
TOP OF THE 6TH |
Mountain Pointe HS batting - Pitching for Shelby HS Rockets : RHP Nick Baker
|
Batting: RHB Ted Williamson
|
0-0: Ball 1-0: Called Strike 1-1: SINGLE (Line Drive, 34D)
|
Batting: RHB Arnold Flint
|
0-0: Foul Ball, location: 2F 0-1: Ball 1-1: Ball 2-1: Ball 3-1: Base on Balls Ted Williamson to second
|
Batting: RHB Doug Hunt
|
0-0: Called Strike 0-1: Ball 1-1: Foul Ball, location: 2F 1-2: Ball 2-2: Strikes out swinging
|
Batting: RHB John Howell
|
0-0: Ball 1-0: Swinging Strike 1-1: Swinging Strike 1-2: SINGLE (Groundball, 6) Ted Williamson to third Arnold Flint to second
|
Batting: RHB Monty Crawford
|
0-0: Called Strike 0-1: Called Strike 0-2: Strikes out looking
|
Batting: RHB Roberto Pérez
|
0-0: Called Strike 0-1: Ball 1-1: Ball 2-1: Swinging Strike 2-2: Strikes out looking
|
Top of the 6th over - 0 run(s), 2 hit(s), 0 error(s), 3 left on base; Mountain Pointe HS 0 - Shelby HS 2 |
BOTTOM OF THE 6TH |
Shelby HS Rockets batting - Pitching for Mountain Pointe HS : RHP John MacHendry
|
Batting: RHB Rich Crabtree
|
0-0: Called Strike 0-1: Ground out 5-3 (Groundball, 56)
|
Batting: SHB Cornell Payne
|
0-0: Called Strike 0-1: Ball 1-1: Ball 2-1: Ball 3-1: Called Strike 3-2: Foul Ball, location: 2F 3-2: Fly out, F7 (Flyball, 7M)
|
Batting: RHB Don Jackson
|
0-0: Bunt for hit - play at first, batter OUT! 1-3
|
Bottom of the 6th over - 0 run(s), 0 hit(s), 0 error(s), 0 left on base; Mountain Pointe HS 0 - Shelby HS 2 |
TOP OF THE 7TH |
Mountain Pointe HS batting - Pitching for Shelby HS Rockets : RHP Nick Baker
|
Pitching: LHP Shawn Gardner
|
|
Batting: LHB Brian Turner
|
0-0: Foul Ball, location: 2F 0-1: Ground out 5-3 (Groundball, 5)
|
Batting: RHB Francisco Medina
|
0-0: Fly out, F8 (Popup, 4MD)
|
Batting: LHB Chris Smith
|
0-0: Ball 1-0: Ball 2-0: Ball 3-0: Called Strike 3-1: SINGLE (Line Drive, 34)
|
Batting: RHB Ted Williamson
|
0-0: Ball 1-0: Called Strike 1-1: Called Strike 1-2: SINGLE (Groundball, 6D) Chris Smith to second
|
Batting: RHB Arnold Flint
|
0-0: Fly out, F3 (Popup, 3SF)
|
Top of the 7th over - 0 run(s), 2 hit(s), 0 error(s), 2 left on base; Mountain Pointe HS 0 - Shelby HS 2 |
BOTTOM OF THE 7TH |
Shelby HS Rockets batting - Pitching for Mountain Pointe HS : RHP John MacHendry
|
Batting: RHB Walt McDonald
|
0-0: Ball 1-0: Fly out, F8 (Flyball, 8LM)
|
Batting: RHB Scotty Hicks
|
0-0: Swinging Strike 0-1: Swinging Strike 0-2: Ball 1-2: Ball 2-2: Foul Ball, location: 2F 2-2: Strikes out swinging
|
Batting: SHB Woody Stanley
|
0-0: Called Strike 0-1: Ball 1-1: Foul Ball, location: 2F 1-2: Ball 2-2: Ball 3-2: Base on Balls
|
Batting: RHB Fernando Vargas
|
0-0: Ball Woody Stanley is caught stealing 2nd base
|
Bottom of the 7th over - 0 run(s), 0 hit(s), 0 error(s), 0 left on base; Mountain Pointe HS 0 - Shelby HS 2 |
TOP OF THE 8TH |
Mountain Pointe HS batting - Pitching for Shelby HS Rockets : LHP Shawn Gardner
|
Batting: RHB Doug Hunt
|
0-0: Ball 1-0: Called Strike 1-1: Reached on error, E5 (Groundball, 5)
|
Pitching: RHP Matt Barlow
|
|
Batting: RHB John Howell
|
0-0: Called Strike 0-1: Ground out 5-3 (Groundball, 5)
|
Batting: RHB Monty Crawford
|
0-0: DOUBLE (Flyball, 7M) Doug Hunt scores
|
|
|
Batting: RHB Roberto Pérez
|
0-0: Called Strike 0-1: Ball 1-1: Foul Ball, location: 2F 1-2: Ball 2-2: Ball 3-2: Strikes out swinging
|
Pitching: LHP Bernardo Dodson
|
|
Batting: LHB Brian Turner
|
0-0: Ball 1-0: Called Strike 1-1: Ball 2-1: Called Strike 2-2: Ground out 6-3 (Groundball, 6M)
|
Top of the 8th over - 1 run(s), 1 hit(s), 1 error(s), 1 left on base; Mountain Pointe HS 1 - Shelby HS 2 |
BOTTOM OF THE 8TH |
Shelby HS Rockets batting - Pitching for Mountain Pointe HS : RHP John MacHendry
|
Pitching: LHP John Judson
|
|
Batting: RHB Fernando Vargas
|
0-0: Called Strike 0-1: Ground out 2-3 (Groundball, 2L)
|
Batting: RHB Tommy Davenport
|
0-0: Ball 1-0: Ball 2-0: Foul Ball, location: 2F 2-1: Ball 3-1: Base on Balls
|
Batting: RHB Jake Erickson
|
0-0: Fielders Choice at 2nd, 5-4 (Groundball, 5)
|
Batting: RHB Rich Crabtree
|
0-0: Ball 1-0: Ball 2-0: Called Strike 2-1: TRIPLE (Flyball, 9LS) Jake Erickson scores
|
Batting: SHB Cornell Payne
|
0-0: Fly out, F8 (Flyball, 8RM)
|
Bottom of the 8th over - 1 run(s), 1 hit(s), 0 error(s), 1 left on base; Mountain Pointe HS 1 - Shelby HS 3 |
TOP OF THE 9TH |
Mountain Pointe HS batting - Pitching for Shelby HS Rockets : LHP Bernardo Dodson
|
Pitching: RHP Eddy Jackson
|
|
Batting: RHB Francisco Medina
|
0-0: Called Strike 0-1: Foul Ball, location: 2F 0-2: Fly out, F8 (Flyball, 8LM)
|
Batting: LHB Chris Smith
|
0-0: Ball 1-0: Called Strike 1-1: Called Strike 1-2: Strikes out swinging
|
Batting: RHB Ted Williamson
|
0-0: Called Strike 0-1: Swinging Strike 0-2: Ball 1-2: Strikes out swinging
|
Top of the 9th over - 0 run(s), 0 hit(s), 0 error(s), 0 left on base; Mountain Pointe HS 1 - Shelby HS 3 |
|
|